Map: Ruins of Seras

Players

Rashow - Winner!

  • Race: Zerg Zerg
  • League: Grandmaster

CaptRaynor

  • Race: Terran Terran
  • League: Grandmaster

VOD

Have the link to the VOD?

Description

Time

  • Played on: Aug. 9, 2015, 7:02 p.m.
  • Length: 18:52
Show
View Real Time Build Order
Export as new Build Order

Rashow Zerg - Winner!

Build Orders: 3 Hatch before Pool 

Get SALT Encoding   

  12  0:03  Drone  
  13  0:08  Drone  
  14  0:40  Hatchery  
  14  0:41  Drone  
  14  0:46  Extractor  
  14  0:47  Drone  
  14  1:25  Hatchery  
  13  1:26  Drone  
  14  1:34  Overlord  
  14  1:47  Spawning Pool  
  13  1:54  Drone x2  
  13  1:58  Drone  
  18  2:15  Drone x4  
  21  2:30  Drone x3  
  21  2:35  Queen  
  25  2:41  Zergling x2  
  26  2:54  Queen  
  28  3:00  Drone  
  28  3:01  Drone x2  
  28  3:03  Drone x3  
  34  3:07  Overlord  
  34  3:20  Overlord  
  34  3:37  Queen  
  36  3:42  Overlord  
  36  3:43  Drone x8  
  44  3:49  Extractor  
  44  3:50  Extractor  
  44  3:52  Metabolic Boost  
  44  3:55  Overlord x2  
  42  4:10  Drone  
  42  4:11  Drone x6  
  42  4:12  Drone  
  50  4:25  Drone x5  
  50  4:26  Drone  
  56  4:31  Queen  
  58  4:48  Lair  
  58  4:49  Extractor  
  58  4:51  Drone x2, Roach Warren  
  58  4:52  Hatchery  
  57  4:53  Drone  
  58  5:00  Overlord  
  57  5:11  Roach Warren  
  56  5:17  Drone x2  
  56  5:20  Drone  
  56  5:21  Overlord x2  
  59  5:28  Drone  
  60  5:32  Overlord  
  60  5:34  Zergling x2  
  60  5:35  Zergling x26  
  74  5:36  Zergling x2  
  74  5:37  Zergling x2  
  76  6:02  Roach x2  
  76  6:03  Roach x10  
  100  6:04  Roach  
  100  6:06  Roach  
  100  6:08  Roach  
  100  6:10  Roach  
  108  6:26  Spore Crawler  
  108  6:28  Spore Crawler  
  108  6:30  Overlord x3, Spore Crawler x2  
  108  6:32  Spore Crawler  
  104  6:40  Drone  
  104  6:41  Overlord  
  104  6:42  Overlord x2  
  104  6:46  Glial Reconstitution  
  104  6:53  Drone x5, Hydralisk Den  
  108  6:57  Drone x3  
  108  6:59  Drone  
  96  7:34  Hydralisk x3  
  96  7:35  Hydralisk x10  
  122  7:54  Extractor  
  122  7:55  Drone x12  
  122  7:57  Extractor  
  130  8:16  Hydralisk  
  130  8:17  Overlord, Hydralisk  
  130  8:18  Hydralisk x7  
  148  8:24  Hydralisk x2  
  148  8:26  Overlord x2  
  152  8:28  Tunneling Claws  
  150  8:40  Drone  
  146  9:06  Hydralisk x6  
  146  9:07  Hydralisk x7  
  172  9:10  Overlord  
  172  9:12  Hatchery  
  171  9:20  Hydralisk  
  171  9:21  Hydralisk  
  171  9:22  Overlord x2  
  171  9:23  Overlord  
  175  9:44  Drone  
  176  10:26  Drone x2  
  176  10:28  Evolution Chamber  
  177  10:29  Evolution Chamber  
  176  10:41  Infestation Pit  
  175  10:56  Zergling x2  
  176  11:03  Roach x7  
  176  11:04  Roach x5  
  200  11:19  Zerg Missile Weapons Level 1  
  200  11:20  Zerg Ground Armor Level 1  
  180  11:50  Zergling x2  
  128  12:09  Hatchery  
  93  12:27  Hydralisk x12  
  93  12:28  Hydralisk x21  
  149  12:47  Hydralisk  
  149  12:48  Hydralisk x5  
  138  13:11  Queen  
  109  13:58  Overseer  
  101  14:23  Zerg Ground Armor Level 2, Zerg Missile Weapons Level 2  
  96  14:55  Queen  
  98  15:12  Extractor x2  
  96  15:23  Overlord  
  96  15:28  Spire  
  95  15:29  Extractor  
  95  15:31  Drone x7  
  95  15:32  Overlord x2, Extractor  
  100  15:57  Drone  
  100  15:58  Drone x18  
  100  15:59  Drone x2  
  121  16:19  Drone  
  121  16:20  Drone x4  
  126  16:30  Hive  
  126  16:34  Muscular Augments  
  126  16:51  Corruptor  
  126  16:52  Corruptor x14  
  156  17:11  Overseer x3  
  156  17:28  Drone x3  
  159  17:49  Corruptor x4  
  159  17:50  Corruptor x2  
  141  18:16  Zergling x2  
  141  18:17  Zergling x46  
  141  18:18  Zergling x22  
Show
View Real Time Build Order
Export as new Build Order

CaptRaynor Terran 

Build Orders: Command Center First (CC) 

Get SALT Encoding   

  12  0:01  SCV  
  13  0:14  Supply Depot  
  13  0:21  SCV  
  14  0:33  SCV  
  15  0:48  SCV  
  16  1:00  SCV  
  17  1:04  Command Center  
  17  1:19  SCV  
  18  1:26  Barracks  
  18  1:36  SCV, Supply Depot  
  19  1:48  SCV  
  20  1:59  Refinery  
  20  2:00  SCV  
  21  2:12  Refinery  
  21  2:13  Orbital Command  
  21  2:15  Marine  
  22  2:33  Marine  
  24  2:44  SCV  
  24  2:52  Orbital Command  
  24  2:56  SCV  
  24  2:58  Factory  
  24  3:12  SCV  
  25  3:19  Marine  
  26  3:20  Supply Depot  
  26  3:21  Supply Depot  
  26  3:26  SCV  
  26  3:27  SCV  
  28  3:36  Marine  
  29  3:42  SCV x2  
  29  3:44  Supply Depot, Armory  
  29  3:47  Factory Reactor, Starport  
  31  3:56  Refinery  
  31  3:58  SCV x2  
  31  4:00  Marine  
  34  4:12  Supply Depot  
  34  4:14  SCV x2  
  36  4:21  Liberator x2  
  36  4:26  SCV x2  
  38  4:34  Marine  
  38  4:37  Barracks  
  39  4:41  Factory Reactor  
  39  4:43  SCV x2  
  47  4:46  Refinery  
  47  4:55  Marine  
  48  5:01  Bunker  
  49  5:07  SCV x2  
  49  5:14  Terran Vehicle And Ship Armor Level 1  
  50  5:18  Marine  
  51  5:36  Hellion x2  
  55  5:44  Liberator x2  
  55  5:48  Marine  
  56  5:51  SCV x2  
  56  5:56  Command Center, Barracks Tech Lab  
  58  5:58  Barracks Reactor  
  66  6:05  Hellion x2  
  66  6:06  SCV x2, Marine  
  71  6:24  Marine  
  72  6:32  Fusion Core  
  72  6:36  Marine x2  
  72  6:37  Starport  
  74  6:45  Hellion x2  
  78  7:00  Supply Depot  
  78  7:07  Supply Depot  
  74  7:20  Liberator x2  
  59  7:24  Supply Depot  
  53  7:31  Supply Depot  
  52  7:39  Behemoth Reactor  
  52  7:40  Starport Tech Lab  
  52  7:41  Terran Vehicle And Ship Armor Level 2  
  54  8:00  Barracks Reactor  
  51  8:19  Battlecruiser  
  57  8:27  Liberator x2  
  60  9:14  Widow Mine x2  
  60  9:16  Marine  
  60  9:17  Marine x3  
  65  9:21  Orbital Command  
  65  9:24  Battlecruiser  
  74  9:33  Orbital Command  
  74  9:59  Liberator  
  71  10:00  Liberator  
  70  10:19  Terran Vehicle And Ship Armor Level 3  
  76  10:23  Marine  
  76  10:24  Marine x3  
  76  10:26  Widow Mine x2  
  84  10:49  Barracks  
  66  12:22  Liberator x2  
  45  12:56  Terran Ship Weapons Level 1, Orbital Command  
  45  12:57  Battlecruiser  
  39  12:59  Orbital Command  
  39  13:03  Marine x4  
  40  13:14  Widow Mine x2  
  44  13:21  Marine x4  
  44  13:38  Marine  
  44  13:39  Marine x3  
  46  13:54  Widow Mine x2  
  44  13:56  Marine  
  45  14:11  Battlecruiser  
  51  14:57  SCV  
  51  14:58  Marine x2  
  51  14:59  Marine x2  
  56  15:02  Refinery  
  56  15:08  Widow Mine x2  
  56  15:09  SCV  
  61  15:16  Marine x3  
  61  15:17  Marine  
  61  15:21  SCV  
  66  15:28  Refinery  
  66  15:33  SCV  
  66  15:34  Marine x4  
  71  15:45  SCV  
  72  15:52  Marine x2  
  74  15:58  SCV  
  75  16:43  Orbital Command  
  75  16:47  SCV  
  76  16:59  SCV  
  77  17:02  Marine x4  
  81  17:11  SCV  
  81  17:13  Refinery  
  81  17:14  SCV  
  83  17:20  Marine x4  
  87  17:23  SCV  
  87  17:26  SCV  
  89  17:32  Refinery  
  89  17:35  SCV  
  90  17:37  Marine  
  90  17:38  Marine x3  
  100  17:44  Battlecruiser  
  100  17:47  SCV x2  
  102  17:55  Marine x2  
  102  17:56  Marine x2  
  102  17:58  Command Center  
  90  18:19  Marine x4  
Tags
 
Add a new tag
Caveats
  • Supply blocks, unpowered buildings, or Contaminate may cause inaccurate times.
  • Supply counts are checked every 10 seconds.